 Dungeon Crawl Stone Soup version 0.20-a0-1122-gb7cbeb9 (webtiles) character file.

1818 Gorglomux the Covert (level 9, -8/42 HPs)
             Began as a Vine Stalker Assassin on May 13, 2017.
             Was an Initiate of Dithmenos.
             Killed by divine providence
             ... invoked by an orc priest
              (11 damage)
             ... on level 8 of the Dungeon.
             The game lasted 00:19:34 (5657 turns).

Gorglomux the Covert (Vine Stalker Assassin)        Turns: 5657, Time: 00:19:34

Health: -8/42      AC: 11    Str: 11    XL:     9   Next: 10%
Magic:  0/10       EV:  5    Int: 20    God:    Dithmenos [......]
Gold:   78         SH:  0    Dex: 18    Spells: 8/8 levels left

rFire    + . .     SeeInvis .   b - +0 blowgun
rCold    . . .     Gourm    .   (no shield)
rNeg     . . .     Faith    .   D - +0 chain mail of Thoughtfulness {rF+ Str-4 Int+9} (curse)
rPois    .         Spirit   +   p - +0 helmet
rElec    .         Reflect  .   d - +0 cloak
rCorr    .         Harm     .   (no gloves)
MR       +....                  M - +0 pair of boots
Stlth    ++........             (no amulet)
Regen    0.6/turn               (no ring)
MPRegen  0.2/turn               (no ring)

@: no status effects
A: fangs 3, regeneration 1, magic shield, antimagic bite, no potion heal 3, rot
immunity
a: Renounce Religion


You were on level 8 of the Dungeon.
You worshipped Dithmenos.
Dithmenos was noncommittal.
You were not hungry.

You visited 2 branches of the dungeon, and saw 9 of its levels.

You collected 365 gold pieces.
You spent 287 gold pieces at shops.

Inventory:

Hand Weapons
 a - the +3 long sword "Leviticus" {slice, rN+ Str+3 Dex+2}
   (You found it on level 5 of the Dungeon)

   It inflicts extra damage upon your enemies.
   It affects your strength (+3).
   It affects your dexterity (+2).
   It protects you from negative energy.
 b - a +0 blowgun (weapon)
 q - a +0 hunting sling
   (You found it on level 3 of the Dungeon)
 C - a +2 dagger
Missiles
 e - 28 poisoned needles (quivered)
 r - a throwing net {=f, !d}
Armour
 c - a +0 robe
 d - a +0 cloak (worn)
 p - a +0 helmet (worn)
   (You found it on level 2 of the Dungeon)
 y - the +1 ring mail of Ogafri {rF+ Str-5 SInv}
   (You bought it in a shop on level 5 of the Dungeon)

   It affects your strength (-5).
   It protects you from fire.
   It lets you see invisible.
 D - the cursed +0 chain mail of Thoughtfulness (worn) {rF+ Str-4 Int+9}
   (You found it on level 5 of the Dungeon)

   It affects your strength (-4).
   It affects your intelligence (+9).
   It protects you from fire.
   It has a curse placed upon it.
 J - a +0 pair of gloves
   (You found it on level 6 of the Dungeon)
 M - a +0 pair of boots (worn)
   (You found it on level 7 of the Dungeon)
Magical Staves
 L - an uncursed staff of energy {@w1@w1+MP, hungerless spells, !d!a}
   (You took it off an orc on level 7 of the Dungeon)
Jewellery
 z - an uncursed amulet of faith {unknown}
   (You found it on level 5 of the Dungeon)
 G - an uncursed amulet of faith {unknown}
   (You found it on level 6 of the Dungeon)
Wands
 N - a wand of confusion (6/48)
   (You found it on level 8 of the Dungeon)
Scrolls
 f - 7 scrolls of identify
 h - a scroll of remove curse
 s - a scroll of fog {unknown}
 t - a scroll of enchant weapon {unknown}
 u - 2 scrolls of immolation {unknown}
 w - 2 scrolls of enchant armour {unknown}
 x - a scroll of teleportation {unknown}
 F - a scroll of magic mapping {!r}
 K - a scroll of recharging {unknown}
Potions
 i - 2 potions of mutation {unknown}
 k - 2 potions of brilliance {unknown}
 l - a potion of might {unknown}
 m - 2 potions of heal wounds {unknown}
 n - a potion of invisibility {unknown}
 A - 3 potions of ambrosia {unknown}
 E - a potion of lignification {unknown}
 H - a potion of haste {unknown}
 I - a potion of curing {unknown}
Comestibles
 g - 7 bread rations {@e1@e1}
 j - 6 fruits
 B - 3 meat rations {@e2@e2}


   Skills:
 - Level 1.7 Fighting
 + Level 7.6 Short Blades
 - Level 1.7 Throwing
 + Level 0.0 Armour
 - Level 0.7 Dodging
 + Level 11.4 Stealth


You had 8 spell levels left.
You didn't know any spells.

Dungeon Overview and Level Annotations

Branches:
Dungeon (8/15)             Temple (1/1) D:6
   Lair: D:8-11

Altars:
Ashenzari
Cheibriados
Dithmenos
Elyvilon
Fedhas
Gozag
Hepliaklqana
Kikubaaqudgha
Makhleb
Nemelex Xobeh
Okawaru
Qazlal
Ru
Sif Muna
Trog
Uskayaw
Vehumet
Wu Jian
Xom
Yredelemnul
Zin
The Shining One

Shops:
D:5 [   D:6 %?*


Innate Abilities, Weirdness & Mutations

You have razor-sharp teeth.
Your natural rate of healing is unusually fast.
When hurt, damage is shared between your health and your magic reserves.
Your bite disrupts and absorbs the magic of your enemies.
Potions cannot restore your health.
You are immune to rotting.


Message History

You slash the adder!
You kill the adder!
Dithmenos accepts your kill.
No target in view!
No target in view!
No target in view!
You open the door.
There is an open door here.
Found a stone staircase leading down.
Found a stone staircase leading up.
You now have 78 gold pieces (gained 16).
N - a wand of confusion (?/48)
You are near starving!
You found an alarm trap!
You open the door.
There is an open door here.
There is an open door here.
Found a stone staircase leading down.
Found a jewelled mace.
There is a stone staircase leading down here.
You open the door.
There is an open door here.
You open the door.
There is an open door here.
You open the door.
There is an open door here.
An adder comes into view.
An adder is nearby!
An adder is nearby!
No target in view!
No target in view!
No target in view!
The adder is too close now for your liking.
The adder hisses angrily.
The adder completely misses you.
You completely miss the adder. Your bite misses the adder.
The adder closely misses you. The adder completely misses you.
You slash the adder!
You kill the adder!
Dithmenos accepts your kill.
No target in view!
No target in view!
m - 2 fizzy golden potions (gained 1)
B - 3 meat rations {@e2@e2} (gained 1)
i - 2 golden potions (gained 1)
An orc comes into view. It is wielding a mace.
An orc is nearby!
An orc is nearby!
An orc is nearby!
An orc is nearby!
An orc priest comes into view. It is wielding a mace.
The orc shouts!
The orc priest shouts!
You hear a shout!
The orc priest moves out of view.
You closely miss the orc. You bite the orc. You drain its power.
Your chain mail of Thoughtfulness prevents you from hitting the orc.
You bite the orc, but do no damage. The orc hits you but does no damage.
An orc warrior comes into view. It is wielding a battleaxe.
You slash the orc!
You kill the orc!
Dithmenos accepts your kill.
You hit the orc warrior. Your bite misses the orc warrior.
The orc priest hits you but does no damage.
The orc warrior hits you with a battleaxe!!
You take 19 damage, and have 23/42 hp.
MASSIVE DAMAGE!!
You now have 5/10 mp.
You are starving!
You hit the orc priest. You bite the orc priest. You drain its power.
You feel invigorated.
You hit the orc warrior.
You bite the orc warrior, but do no damage.
The orc priest calls upon Beogh to heal the orc warrior.
The orc warrior is healed somewhat.
The orc warrior barely misses you.
The orc priest casts a cantrip, but nothing happens.
You eat the royal jelly.
That royal jelly was delicious!
b - a +0 blowgun (weapon)
Aim: an orc warrior, wielding a battleaxe and wearing a chain mail (lightly wounded)
You shoot a curare-tipped needle.
The curare-tipped needle closely misses the orc warrior.
The orc warrior hits you with a battleaxe!
You take 14 damage, and have 17/42 hp.
MASSIVE DAMAGE!!
You now have 5/10 mp.
Aim: an orc warrior, wielding a battleaxe and wearing a chain mail (lightly wounded)
You shoot a curare-tipped needle.
The curare-tipped needle closely misses the orc warrior.
The orc warrior barely misses you.
The orc priest calls down the wrath of Beogh upon you.
You resist with significant effort.
The orc priest invokes the aid of Beogh against you.
Beogh smites you!
The orc warrior hits you with a battleaxe!
* * * LOW HITPOINT WARNING * * *
You take 19 damage, and have 2/42 hp.
MASSIVE DAMAGE!!
You now have 1/10 mp.
Unknown command.
The orc priest calls down the wrath of Beogh upon you.
Beogh smites you!
You die...

#.# #.# ######### #.#
#.......# #.# #.#####.#
#.# #####.#####.# #.#
#........##.# #
#########.###.###.##.##.#
#.######...)..#.@.##.#
#.##.##.#
#..................#.#
#.......#
####.......##.#.o.##.#
####.####
......##.#..o........#
#.#
%###..##.####.##.#####
#.# #..%##(.....##.# #.#
#.#.##########'## #.#
...)o.# ##...## #.#
###.#### ##.....## ####.#


You could see an orc warrior and an orc priest.

Vanquished Creatures
  Sigmund (D:3)
  A hornet zombie (D:6)
  An ice beast (D:7)
  2 black bears
  2 phantoms
  2 ogres
  A centaur (D:7)
  A big kobold (D:7)
  Blork the orc (D:5)
  A bullfrog (D:7)
  A scorpion (D:5)
  A howler monkey (D:4)
  2 crimson imps
  4 hounds
  2 orc priests
  An orc wizard (D:5)
  An iguana (D:6)
  2 worker ants (D:5)
  5 gnolls
  A howler monkey skeleton (D:7)
  7 adders
  2 adder skeletons
  3 worms
  2 dart slugs (D:1)
  2 leopard geckos
  11 orcs
  8 bats
  4 giant cockroaches
  12 goblins
  11 hobgoblins
  7 jackals
  9 kobolds
  A quokka (D:3)
  A frilled lizard (D:4)
  6 rats
119 creatures vanquished.

Notes
Turn   | Place    | Note
-------+----------+-------------------------------------------
     0 | D:1      | Gorglomux the Vine Stalker Assassin began the quest for the Orb.
     0 | D:1      | Reached XP level 1. HP: 11/11 MP: 2/2
    60 | D:1      | Reached skill level 2 in Short Blades
    60 | D:1      | Reached skill level 5 in Stealth
    94 | D:1      | Reached XP level 2. HP: 13/15 MP: 3/3
   664 | D:1      | Reached XP level 3. HP: 17/18 MP: 4/4
  1919 | D:3      | Noticed Sigmund
  1925 | D:3      | Killed Sigmund
  1925 | D:3      | Reached skill level 3 in Short Blades
  1925 | D:3      | Reached skill level 7 in Stealth
  1925 | D:3      | Gained mutation: Your natural rate of healing is unusually fast. [Vine Stalker growth]
  1925 | D:3      | Reached XP level 4. HP: 16/23 MP: 2/5
  1925 | D:3      | Reached XP level 5. HP: 18/26 MP: 2/6
  2052 | D:3      | HP: 5/26 [gnoll/spear (4)]
  2066 | D:3      | HP: 6/26 [gnoll/spear (6)]
  2078 | D:3      | HP: 5/26 [gnoll/spear (6)]
  2097 | D:3      | Reached skill level 4 in Short Blades
  2097 | D:3      | Reached XP level 6. HP: 17/30 MP: 3/7
  2278 | D:3      | Found a stormy altar of Qazlal.
  2868 | D:4      | Noticed a phantom
  2875 | D:4      | Killed a phantom
  2962 | D:4      | Reached skill level 8 in Stealth
  3141 | D:4      | Reached XP level 7. HP: 23/34 MP: 6/8
  3236 | D:4      | Reached skill level 5 in Short Blades
  3322 | D:5      | Entered Level 5 of the Dungeon
  3322 | D:5      | Found Toluaq's Antique Armour Shoppe.
  3363 | D:5      | Bought a smoking ring mail for 216 gold pieces
  3373 | D:5      | Identified the cursed +1 ring mail of Ogafri {rF+ Str-5 SInv} (You bought it in a shop on level 5 of the Dungeon)
  3500 | D:5      | Noticed Blork the orc
  3520 | D:5      | Killed Blork the orc
  3572 | D:5      | Reached skill level 9 in Stealth
  3618 | D:5      | Got a steaming long sword
  3619 | D:5      | Identified the cursed +3 long sword "Leviticus" {slice, rN+ Str+3 Dex+2} (You found it on level 5 of the Dungeon)
  3652 | D:5      | Got a transparent chain mail
  3803 | D:6      | Reached skill level 6 in Short Blades
  3803 | D:6      | Gained mutation: You have razor-sharp teeth. [Vine Stalker growth]
  3803 | D:6      | Reached XP level 8. HP: 31/38 MP: 9/9
  3814 | D:6      | Found Vaiczitzi's Magic Scroll Shop.
  3823 | D:6      | Bought a scroll of magic mapping for 45 gold pieces
  3823 | D:6      | Bought a scroll of identify for 26 gold pieces
  4029 | D:6      | Reached skill level 10 in Stealth
  4164 | D:6      | Found Veumo's Food Emporium.
  4170 | D:6      | Found a staircase to the Ecumenical Temple.
  4210 | Temple   | Entered the Ecumenical Temple
  4288 | Temple   | Became a worshipper of Dithmenos the Shadowed
  4652 | D:6      | Found Vial's Assorted Antiques.
  4871 | D:7      | Reached skill level 7 in Short Blades
  4982 | D:7      | Reached skill level 11 in Stealth
  5059 | D:7      | Found a radiant altar of Vehumet.
  5089 | D:7      | Reached XP level 9. HP: 32/42 MP: 8/10
  5304 | D:7      | Identified the cursed +0 chain mail of Thoughtfulness {rF+ Str-4 Int+9} (You found it on level 5 of the Dungeon)
  5655 | D:8      | HP: 2/42 [orc warrior/battleaxe (12)]
  5657 | D:8      | Killed from afar by an orc priest

Vault maps used:
D:1:      evilmike_arrival_fibonacci_small
D:3:      first_bread, grunt_qazlal_clouds, uniq_sigmund
D:5:      serial_shops, shop_fountains, uniq_blork_the_orc
D:6:      corexii_shack_village, minmay_temple_entry_statues_pillars,
          serial_shops, nicolae_shop_competitors_out_of_business, shop,
          nicolae_shop_stone, kennysheep_generic_room_16
D:7:      basic_altar
D:8:      blue_anna_alchemist
Temple:   grunt_wide_crystal_templ

Skill      XL: |  1  2  3  4  5  6  7  8 |
---------------+-------------------------+-----
Short Blades   | 2 3 4 6 7 |  7.6
Stealth        | 5 7 8 9 11 | 11.4
Fighting       | |  1.7
Throwing       | |  1.7
Dodging        | |  0.7

Action                   |  1- 3 |  4- 6 |  7- 9 || total
-------------------------+-------+-------+-------++-------
Melee: Dagger            |    93 |    93 |    92 ||   278
       Bite              |    23 |    23 |    73 ||   119
       Long sword        |       |       |   119 ||   119
 Fire: Blowgun           |    13 |    23 |    12 ||    48
  Use: Scroll            |     1 |     1 |     1 ||     3
 Stab: Sleeping          |     4 |     6 |    13 ||    23
       Distracted        |       |     1 |     1 ||     2
  Eat: Chunk             |     3 |     4 |     6 ||    13
       Royal jelly       |       |       |     1 ||     1
Armor: Robe              |    29 |    33 |     3 ||    65
       Ring mail         |       |       |    65 ||    65
       Chain mail        |       |       |     2 ||     2
Dodge: Dodged            |    56 |    77 |   112 ||   245
       Rpst.: Long sword |       |       |    19 ||    19

Vault maps used:
D:1:      evilmike_arrival_fibonacci_small
D:3:      first_bread, grunt_qazlal_clouds, uniq_sigmund
D:5:      serial_shops, shop_fountains, uniq_blork_the_orc
D:6:      corexii_shack_village, minmay_temple_entry_statues_pillars,
          serial_shops, nicolae_shop_competitors_out_of_business, shop,
          nicolae_shop_stone, kennysheep_generic_room_16
D:7:      basic_altar
D:8:      blue_anna_alchemist
Temple:   grunt_wide_crystal_templ

Table legend:
 A = Turns spent in this place as a percentage of turns spent in the entire game.
 B = Non-inter-level travel turns spent in this place as a percentage of non-inter-level travel turns spent in the entire game.
 C = Inter-level travel turns spent in this place as a percentage of turns spent in this place.
 D = Turns resting spent in this place as a percentage of non-inter-level travel turns spent in this place.
 E = Turns spent auto-exploring this place as a percentage of non-inter-level travel turns spent in this place.
 F = Non-inter-level travel turns spent in this place divided by the number of levels of this place that you've seen.
                   A       B       C       D       E      F
               +-------+-------+-------+-------+-------+----------------------
         Total | 100.0 | 100.0 |   0.7 |   1.5 |  11.4 | 195.0
       Dungeon |  98.5 |  98.6 |   0.6 |   1.5 |  10.5 | 216.4
        Temple |   1.5 |   1.4 |   7.7 |   0.0 |  79.2 |  24.0
               +-------+-------+-------+-------+-------+----------------------

Table legend:
 A = Kills in this place as a percentage of kills in entire the game.
 B = Kills by you in this place as a percentage of kills by you in the entire game.
 C = Kills by friends in this place as a percentage of kills by friends in the entire game.
 D = Other kills in this place as a percentage of other kills in the entire game.
 E = Experience gained in this place as a percentage of experience gained in the entire game.
 F = Experience gained in this place divided by the number of levels of this place that you have seen.
                   A       B       C       D       E      F
               +-------+-------+-------+-------+-------+----------------------
         Total | 100.0 | 100.0 |  -nan |  -nan | 100.0 | 288.7
       Dungeon | 100.0 | 100.0 |  -nan |  -nan | 100.0 | 324.8
               +-------+-------+-------+-------+-------+----------------------
